 Dungeon Crawl Stone Soup version 0.21-a0-582-g1b93aee (webtiles) character file.

84 Amnesiac the Shield-Bearer (level 4, -1/30 HPs)
             Began as a Halfling Fighter on Dec 19, 2017.
             Killed from afar by an orc wizard (13 damage)
             ... with a puff of flame
             ... on level 3 of the Dungeon.
             The game lasted 00:02:25 (1564 turns).

Amnesiac the Shield-Bearer (Halfling Fighter)       Turns: 1564, Time: 00:02:26

Health: -1/30      AC: 12    Str: 18    XL:     4   Next: 72%
Magic:  4/4        EV:  8    Int:  6    God:
Gold:   122        SH: 10    Dex: 10    Spells: 3/3 levels left

rFire    . . .     SeeInvis .   a - +0 rapier
rCold    . . .     Gourm    .   c - +1 shield
rNeg     . . .     Faith    .   s - +0 chain mail
rPois    .         Spirit   .   (no helmet)
rElec    .         Reflect  .   (no cloak)
rCorr    .         Harm     .   l - +2 pair of gloves
MR       .....                  (no boots)
Stlth    ..........             (no amulet)
HPRegen  0.10/turn              r - -3 ring of dexterity
MPRegen  0.09/turn              (no ring)

@: no status effects
A: small, mutation resistance 1
a: no special abilities


You were on level 3 of the Dungeon.
You were not hungry.

You visited 1 branch of the dungeon, and saw 3 of its levels.

You collected 122 gold pieces.

Inventory:

Hand Weapons
 a - a +0 rapier (weapon)
Missiles
 v - 43 sling bullets
Armour
 b - a +0 scale mail
 c - a +1 shield (worn)
 l - a +2 pair of gloves (worn)
 s - a +0 chain mail (worn)
Jewellery
 r - a -3 ring of dexterity (left hand)
Scrolls
 e - a scroll of noise {!r, unknown}
 h - a scroll of remove curse {!r}
 i - a scroll of fear {!r}
 j - 2 scrolls of identify {!r}
 k - a scroll of teleportation {!r, unknown}
 m - 2 scrolls of enchant armour {!r}
 q - a scroll of enchant weapon {!r, unknown}
 x - a scroll of blinking {!r, unknown}
Potions
 d - a potion of might {!q}
 n - a potion of curing {!q}
 p - a potion of cancellation {!q, unknown}
 t - a potion of heal wounds {!q}
Books
 g - a book of Battle

   Spells                             Type                      Level
   a - Infusion                       Charms                       1
   b - Shroud of Golubria             Charms/Translocation         2
   c - Song of Slaying                Charms                       2
   d - Spectral Weapon                Hexes/Charms                 3
   e - Regeneration                   Charms/Necromancy            3
Comestibles
 f - 3 rations
 o - 6 chunks of flesh


   Skills:
 - Level 2.6 Fighting
 - Level 2.4 Short Blades
 * Level 2.3 Throwing
 - Level 3.2 Armour
 - Level 3.2 Dodging
 - Level 3.2 Shields


You had 3 spell levels left.
You didn't know any spells.

Dungeon Overview and Level Annotations

Branches:
Dungeon (3/15)

Altars:
Ashenzari


Innate Abilities, Weirdness & Mutations

You are small and have problems with some larger weapons.
You are somewhat resistant to further mutation.


Message History

Your shield and chain mail prevent you from hitting the gnoll.
You block the gnoll's attack.
Throwing (i - inventory):
w - 2 tomahawks (quivered)
Press: ? - help, Shift-Dir - straight line, f - gnoll
Aim: a gnoll, wielding a whip
Okay, then.
Throwing (i - inventory):
w - 2 tomahawks (quivered)
Press: ? - help, Shift-Dir - straight line, f - gnoll
Aim: a gnoll, wielding a whip You throw a tomahawk.
The tomahawk hits the gnoll.
The gnoll is heavily wounded.
You block the gnoll's attack.
Throwing (i - inventory):
w - a tomahawk (quivered)
Press: ? - help, Shift-Dir - straight line, f/p - gnoll
Aim: a gnoll, wielding a whip (moderately wounded)
You throw a tomahawk. The tomahawk barely misses the gnoll.
The tomahawk closely misses the orc wizard.
The tomahawk hits the gnoll.
The gnoll is heavily wounded.
You block the gnoll's attack. The gnoll hits you with a whip.
* * * LOW HITPOINT WARNING * * *
Unknown command.
Quiver which item? (- for none, * to show all) (? for menu, Esc to quit)
Okay, then.
Okay, then.
Really read
m - 3 scrolls labeled UROKIRIANU {!r}?
As you read the scroll labeled UROKIRIANU {!r}, it crumbles to dust.
It is a scroll of enchant armour.
Your +0 shield glows green for a moment.
The orc wizard gestures wildly while chanting.
The orc wizard flickers and vanishes!
Deactivating autopickup; reactivate with Ctrl-A.
You block the gnoll's attack.
Really read
j - 3 scrolls labeled WIAN GIEBUOBO {!r}?
As you read the scroll labeled WIAN GIEBUOBO {!r}, it crumbles to dust.
It is a scroll of identify.
t - a potion of heal wounds {!q} The gnoll hits you with a whip!
* * * LOW HITPOINT WARNING * * *
Really quaff
p - a glowing brown potion {!q}?
Okay, then.
Really quaff
n - 2 potions of curing {!q}?
You feel better. You block the gnoll's attack.
Really read
h - 2 scrolls labeled APUVOO ZEXAE {!r}?
As you read the scroll labeled APUVOO ZEXAE {!r}, it crumbles to dust.
You feel as if something is helping you.
It was a scroll of remove curse {!r}.
The gnoll hits you with a whip.
* * * LOW HITPOINT WARNING * * *
Really read
i - 2 scrolls labeled ROTISOEZAOT {!r}?
As you read the scroll labeled ROTISOEZAOT {!r}, it crumbles to dust.
You assume a fearsome visage.
The gnoll looks frightened! x3
The orc looks frightened! x2; It was a scroll of fear {!r}.
Okay, then.
Cornered, the orc turns to fight!
Cornered, the gnoll turns to fight! x2
The gnoll throws a throwing net.
You block the throwing net.
A magic dart appears from out of thin air!
The magic dart hits you!
* * * LOW HITPOINT WARNING * * *
You see here a throwing net.
An orc wizard appears from thin air!
Reactivating autopickup.
The orc wizard gestures at you while chanting.
The puff of flame hits you!
You die...

########## #####
)........# #...#
.........# ###.#@###
.........# #...#...#
.........###.#...#g#
.........#...#...#.#
.........#.#####.#.#
.........#.....#...#
................>o.#
.........#####.#.#.#
.........# #...#.#


You could see an orc wizard and a gnoll.

Vanquished Creatures
  A gnoll (D:3)
  2 adders
  An ooze (D:3)
  3 worms
  A dart slug (D:2)
  2 leopard geckos (D:2)
  An orc (D:3)
  2 giant cockroaches
  5 goblins
  4 hobgoblins (D:3)
  3 jackals (D:3)
  3 kobolds
  A quokka (D:2)
  2 bats (D:1)
  A frilled lizard (D:1)
  6 rats
38 creatures vanquished.

Notes
Turn   | Place    | Note
-------+----------+-------------------------------------------
     0 | D:1      | Amnesiac the Halfling Fighter began the quest for the Orb.
     0 | D:1      | Reached XP level 1. HP: 15/15 MP: 1/1
   169 | D:1      | Reached skill level 1 in Dodging
   276 | D:1      | Reached XP level 2. HP: 20/20 MP: 2/2
   754 | D:2      | Reached XP level 3. HP: 22/25 MP: 3/3
  1174 | D:3      | Reached skill level 1 in Throwing
  1177 | D:3      | Reached XP level 4. HP: 30/30 MP: 4/4
  1226 | D:3      | Found a shattered altar of Ashenzari.
  1443 | D:3      | Found a shattered altar of Ashenzari.
  1564 | D:3      | Killed from afar by an orc wizard

Vault maps used:
D:1:      erik_arrival_blinker_ship
D:2:      dk_noncrumbling_3, minmay_misc_feat_rows
D:3:      lemuel_round_altar, marbit_many_paths, fountainhead, ashenzari_altar_1

Skill      XL: |  1  2  3  4 |
---------------+-------------+-----
Dodging        | 1 2 3 |  3.2
Throwing       | 1 2 |  2.3
Fighting       | |  2.6
Short Blades   | |  2.4
Armour         | |  3.2
Shields        | |  3.2

Action                   |  1- 3 |  4- 6 || total
-------------------------+-------+-------++-------
Melee: Rapier            |    77 |    46 ||   123
Throw: Stone             |    24 |    28 ||    52
       Tomahawk          |       |     4 ||     4
  Use: Scroll            |       |     4 ||     4
       Potion            |       |     2 ||     2
  Eat: Chunk             |     1 |     1 ||     2
Armor: Scale mail        |     7 |       ||     7
       Chain mail        |    11 |    24 ||    35
Dodge: Dodged            |    24 |    24 ||    48
Block: Shield            |    33 |    30 ||    63

Table legend:
 A = Spawn XP
 B = Non-spawn XP
 C = Spawn XP percentage of total XP
 D = Spawn monster count
 E = Non-spawn monster count
 F = Spawn count percentage of total count
 G = Total turns spent on level
                    A         B        C        D         E        F      G
               +---------+---------+-------+---------+---------+-------+---------
         Total |       0 |     120 |   0.0 |       0 |      38 |   0.0 |  1564
               +---------+---------+-------+---------+---------+-------+---------
           D:1 |       0 |      13 |   0.0 |       0 |       8 |   0.0 |   637
           D:2 |       0 |      39 |   0.0 |       0 |      12 |   0.0 |   485
           D:3 |       0 |      68 |   0.0 |       0 |      18 |   0.0 |   442
               +---------+---------+-------+---------+---------+-------+---------
